 Dungeon Crawl Stone Soup version 0.17.2-1-ge4368a0 (webtiles) character file.

450 magipi the Caller (level 7, -3/46 HPs)
             Began as a Merfolk Summoner on Dec 7, 2017.
             Slain by a giant frog (9 damage)
             ... on level 4 of the Dungeon.
             The game lasted 00:23:32 (4811 turns).

magipi the Caller (Merfolk Summoner)                Turns: 4811, Time: 00:23:32

Health: -3/46      AC:  3    Str:  8    XL:     7   Next: 4%
Magic:  0/13       EV: 13    Int: 16    God:
Gold:   73         SH:  0    Dex: 15    Spells: 4 memorised, 4 levels left

rFire  . . .     SeeInvis .     a - +0 spear
rCold  . . .     Clarity  .     i - +0 robe
rNeg   . . .     SustAt   .     (no shield)
rPois  .         Gourm    .     (no helmet)
rElec  .         Spirit   .     (no cloak)
rCorr  .         Warding  .     (no gloves)
rMut   .         Stasis   .     r - +0 pair of boots
MR     .....                    (no amulet)
Stlth  ++........               (no ring)
                                (no ring)

@: very slightly contaminated, not resistant to hostile enchantments, unstealthy
A: change form in water, swift swim
a: no special abilities


You were on level 4 of the Dungeon.
You were hungry.

You visited 1 branch of the dungeon, and saw 4 of its levels.

You collected 73 gold pieces.

Inventory:

Hand Weapons
 a - a +0 spear (weapon)
   (You found it on level 1 of the Dungeon)
Armour
 f - a cursed +0 buckler
   (You took it off a hobgoblin on level 1 of the Dungeon)
 i - a +0 robe (worn)
 r - a +0 pair of boots (worn)
   (You found it on level 4 of the Dungeon)
Jewellery
 g - an uncursed ring of magical power {unknown}
   (You found it on level 2 of the Dungeon)
 o - an uncursed ring of protection from cold {unknown}
   (You found it on level 2 of the Dungeon)
Scrolls
 e - a scroll of fog {unknown}
 h - 6 scrolls of identify {unknown}
 j - 2 scrolls of blinking {unknown}
 k - a scroll of amnesia {unknown}
 l - 2 scrolls of remove curse {unknown}
 m - a scroll of immolation {unknown}
 n - a scroll of random uselessness {unknown}
 p - a scroll of fear {unknown}
 q - a scroll of magic mapping {unknown}
Potions
 d - a potion of cancellation {unknown}
 v - 2 potions of haste {unknown}
Books
 b - a book of Callings

   Spells                             Type                      Level
   a - Summon Small Mammal            Summoning                    1
   b - Call Imp                       Summoning                    2
   c - Call Canine Familiar           Summoning                    3
   d - Summon Guardian Golem          Hexes/Summoning              3
   e - Summon Lightning Spire         Summoning/Air                4
   f - Summon Ice Beast               Ice/Summoning                4
Comestibles
 c - a bread ration
 s - a royal jelly
 t - a meat ration
 u - a chunk of flesh
 w - a beef jerky


   Skills:
 - Level 2.6 Dodging
 - Level 2.1 Stealth
 - Level 4.0 Spellcasting
 + Level 6.0 Summonings
 * Level 4.0 Ice Magic


You had 4 spell levels left.
You knew the following spells:

 Your Spells              Type           Power        Failure   Level  Hunger
a - Summon Small Mammal   Summ           ###.         1%          1    None
b - Call Imp              Summ           ###.....     1%          2    ##.....
c - Call Canine Familiar  Summ           ###.....     4%          3    ###....
i - Summon Ice Beast      Ice/Summ       ###.....     21%         4    ####...


Dungeon Overview and Level Annotations

Branches:
Dungeon (4/15)
 Temple: D:4-7

Altars:

Annotations:
D:3 Grinder


Message History

Your white imp gestures at the quasit.
The puff of frost hits the quasit.
The quasit resists.
Press: ? - help, v - describe, . - travel
Here: a quasit (severely wounded, summoned)
The floor.
Unknown command.
The quasit closely misses your white imp.
The quasit claws your white imp but does no damage. x2
Your white imp closely misses the quasit.
The quasit closely misses your white imp.
The quasit barely misses your white imp.
The quasit claws your white imp but does no damage.
Your white imp completely misses the quasit.
The quasit bites your white imp but does no damage.
The quasit claws your white imp. x2
The quasit bites your white imp.
Your white imp dies!
Things that are here:
a whip; a leather armour
There is a stone staircase leading up here.
You climb upwards.
Level annotation: Grinder
There is a stone staircase leading down here.
Grinder gestures.
Grinder blinks!
There is a stone staircase leading down here.
Unknown command.
You climb downwards.
A giant frog comes into view.
The giant frog moves out of view.
There is a stone staircase leading up here.
The giant frog hits you.
Casting: Call Imp
Confirm with . or Enter, or press ? or * to list all spells.
You miscast Summon Ice Beast.
A chill runs through your body. The giant frog completely misses you.
The giant frog closely misses you.
Unknown command.
Casting: Summon Ice Beast
Confirm with . or Enter, or press ? or * to list all spells.
The giant frog hits you.
Unknown command.
Unknown command.
The giant frog barely misses you.
You barely miss the giant frog. The giant frog barely misses you.
Your rat closely misses the giant frog.
You miss the giant frog. The giant frog hits you! The giant frog hits you.
Your rat barely misses the giant frog.
You barely miss the giant frog. The giant frog hits you.
Your rat bites the giant frog.
The giant frog closely misses you.
You hit the giant frog.
The giant frog is moderately wounded.
The giant frog hits you.
Your rat barely misses the giant frog.
You completely miss the giant frog.
The giant frog is moderately wounded.
The giant frog hits you.
Your rat bites the giant frog.
The giant frog closely misses you.
You swap places.
The giant frog hits you but does no damage.
Your rat bites the giant frog.
Your rat misses the giant frog. The giant frog misses you.
There is a stone staircase leading up here.
The giant frog closely misses you.
Casting: Summon Small Mammal
Confirm with . or Enter, or press ? or * to list all spells.
The giant frog misses you.
Your rat barely misses the giant frog.
The giant frog hits you.
* * * LOW HITPOINT WARNING * * *
Unknown command.
You swap places.
The giant frog barely misses your quokka.
Your rat bites the giant frog.
Your quokka misses the giant frog.
The giant frog hits your quokka but does no damage.
Your rat misses the giant frog.
Your quokka bites the giant frog.
The giant frog closely misses your quokka.
Your quokka barely misses the giant frog.
The giant frog hits your quokka.
Your quokka dies!
Your quokka's corpse disappears in a puff of smoke!
The giant frog hits you.
* * * LOW HITPOINT WARNING * * *
The giant frog closely misses you. The giant frog hits you.
* * * LOW HITPOINT WARNING * * *
Casting: Summon Small Mammal
Confirm with . or Enter, or press ? or * to list all spells.
A beastly little devil appears in a puff of frigid air.
The giant frog hits you.
* * * LOW HITPOINT WARNING * * *
You swap places.
The giant frog hits your white imp but does no damage.
Your rat bites the gnoll.
The giant frog hits your white imp but does no damage.
Your white imp hits the giant frog.
Your white imp freezes the giant frog.
The giant frog hits your white imp!
Your white imp dies!
Your rat barely misses the gnoll.
Casting: Call Imp
Confirm with . or Enter, or press ? or * to list all spells.
The giant frog hits you!
You die...

##############
#..F@.r......#
#.##########.#
#.# #.# #.# #.#
#g# ####.#
##r#### #..#.#
#.....####..#.#
######
#.....#.....#.#
#.....
#.....#.....#.#
#.###.


You could see a giant frog and a friendly quokka.

Vanquished Creatures
  An iguana (D:4)
  A worker ant (D:4)
  A gnoll (D:4)
  2 adders
  2 giant geckos (D:1)
  5 bats
  A giant cockroach (D:2)
  A goblin (D:2)
  A hobgoblin (D:2)
  A jackal (D:4)
  2 quokkas (D:2)
  A giant gecko skeleton (D:4)
  A giant newt (D:1)
  2 rats
22 creatures vanquished.

Vanquished Creatures (collateral kills)
  A phantom (D:4)
  2 ogres (D:4)
  A hound (D:4)
  4 gnoll shamans (D:4)
  2 orc wizards (D:4)
  2 worker ants (D:4)
  6 adders
  7 gnolls (D:4)
  2 worms
  7 orcs
  2 giant cockroaches
  6 hobgoblins
  8 jackals
  5 kobolds
  2 quokkas
  A ball python (D:4)
  4 bats
  A giant newt (D:2)
  6 goblins
  A quokka skeleton (D:4)
  4 rats
74 creatures vanquished.

Grand Total: 96 creatures vanquished

Notes
Turn   | Place    | Note
--------------------------------------------------------------
     0 | D:1      | magipi the Merfolk Summoner began the quest for the Orb.
     0 | D:1      | Reached XP level 1. HP: 13/13 MP: 3/3
   765 | D:1      | Reached XP level 2. HP: 17/19 MP: 3/5
   864 | D:1      | Learned a level 2 spell: Call Imp
  1296 | D:2      | Found a faded altar to an unknown god.
  1413 | D:2      | Reached XP level 3. HP: 24/24 MP: 1/6
  1708 | D:2      | Learned a level 3 spell: Call Canine Familiar
  2237 | D:3      | Noticed Grinder
  2245 | D:3      | Reached XP level 4. HP: 17/30 MP: 2/8
  2263 | D:2      | HP: 1/30 [goblin/club (5)]
  2633 | D:2      | Found a faded altar to an unknown god.
  3338 | D:4      | Reached skill level 5 in Summonings
  3530 | D:4      | Reached XP level 5. HP: 28/35 MP: 4/10
  3621 | D:4      | Noticed a phantom
  3660 | D:4      | Killed a phantom
  3666 | D:4      | Learned a level 4 spell: Summon Ice Beast
  3796 | D:4      | Noticed an ogre
  4027 | D:4      | Noticed an ogre
  4044 | D:4      | Killed an ogre
  4044 | D:4      | Reached skill level 1 in Ice Magic
  4044 | D:4      | Reached XP level 6. HP: 41/41 MP: 8/12
  4298 | D:4      | Killed an ogre
  4662 | D:4      | Reached skill level 6 in Summonings
  4665 | D:4      | Reached XP level 7. HP: 34/46 MP: 2/13
  4811 | D:4      | Slain by a giant frog

Action                   |  1- 3 |  4- 6 |  7- 9 || total
-------------------------+-------+-------+-------++-------
Melee: Unarmed           |    24 |       |       ||    24
       Spear             |    56 |    72 |     8 ||   136
 Cast: Summon Small Mamm |    22 |     4 |     3 ||    29
       Call Imp          |    23 |    22 |     2 ||    47
       Call Canine Famil |     1 |    20 |       ||    21
       Summon Ice Beast  |       |     4 |       ||     4
 Stab: Sleeping          |     4 |     2 |       ||     6
       Distracted        |       |     2 |       ||     2
  Eat: Chunk             |     6 |    11 |     1 ||    18
